 Dungeon Crawl Stone Soup version 0.29.1-15-g9cfb28693d (webtiles) character file.

Game seed: 7696900323529402718

59 hawla the Firebug (level 3, -1/19 HPs)
             Began as a Deep Elf Fire Elementalist on Apr 10, 2023.
             Killed from afar by Natasha (8 damage)
             ... with a magic dart
             ... on level 2 of the Dungeon.
             The game lasted 00:02:39 (1159 turns).

hawla the Firebug (Deep Elf Fire Elementalist)      Turns: 1159, Time: 00:02:40

Health: -1/19      AC:  3    Str:  5    XL:     3   Next: 78%
Magic:  2/10       EV: 12    Int: 21    God:
Gold:   48         SH:  0    Dex: 15    Spells: 5/9 levels left

rFire   . . .      SeeInvis .   (no weapon)
rCold   . . .      Faith    .   (no shield)
rNeg    . . .      Spirit   .   g - +1 robe "Viviuqar" {rPois}
rPois   +          Reflect  .   (no helmet)
rElec   .          Harm     .   (no cloak)
rCorr   .          Rampage  .   (no gloves)
Will    .....                   (no boots)
Stlth   ++........              (no amulet)
HPRegen 0.06/turn               (no ring)
MPRegen 0.12/turn               (no ring)

@: very slightly contaminated
A: no striking features
a: no special abilities


You were on level 2 of the Dungeon.
You visited 1 branch of the dungeon, and saw 2 of its levels.

You collected 48 gold pieces.

Inventory:

Armour
 g - the +1 robe "Viviuqar" (worn) {rPois}
   (You found it on level 2 of the Dungeon)

   rPois:     It protects you from poison.
Scrolls
 d - a scroll of blinking {unknown}
 e - 2 scrolls of butterflies {unknown}
 f - a scroll of identify {unknown}
Potions
 b - a potion of magic
 c - a potion of haste {unknown}


   Skills:
 + Level 2.5 Dodging
 + Level 2.7 Stealth
 + Level 3.6 Spellcasting
 + Level 1.7 Conjurations
 + Level 4.5 Fire Magic


You had 5 spell levels left.
You knew the following spells:

 Your Spells              Type           Power      Damage    Failure   Level
a - Foxfire               Conj/Fire      64%        2x1d7     3%          1
b - Scorch                Fire           44%        2d7       3%          2
c - Freeze                Ice            12%        1d4       12%         1

Your spell library contained the following spells:

 Spells                   Type           Power      Damage    Failure   Level
 Conjure Flame            Conj/Fire      16%        6-21      11%         3
 Inner Flame              Hex/Fire       13%        N/A       14%         3
 Flame Wave               Conj/Fire      16%        2d7       34%         4


Dungeon Overview and Level Annotations

Branches:
Dungeon (2/15)

Altars:

Annotations:
D:2 Natasha


Message History

Confirm with . or Enter, or press ? or * to list all spells.
Aiming: Freeze (safe; 12% risk of failure)
Press: ? - help, Shift-Dir - straight line, f/p - Natasha
Aim: Natasha (heavily wounded)
You miscast Freeze.
You are very lightly contaminated with residual magic.
Nothing appears to happen.
Natasha mumbles some strange words.
Casting: Freeze (safe; 12% risk of failure)
Confirm with . or Enter, or press ? or * to list all spells.
You conjure some foxfire!
Natasha stares at you and mumbles some strange words.
The magic dart hits you.
Casting: Foxfire (safe; 3% risk of failure)
Confirm with . or Enter, or press ? or * to list all spells.
Flames lash the crimson imp.
The crimson imp completely resists.
The foxfire hits the crimson imp.
The crimson imp completely resists.
The foxfire hits Natasha.
Natasha is severely wounded.
Natasha misses you.
Casting: Scorch (safe; 3% risk of failure)
Confirm with . or Enter, or press ? or * to list all spells.
You conjure some foxfire!
Natasha stares at you and mumbles some strange words.
The magic dart hits you.
The crimson imp hits you but does no damage.
Casting: Foxfire (safe; 3% risk of failure)
Confirm with . or Enter, or press ? or * to list all spells.
Aiming: Freeze (safe; 12% risk of failure)
Press: ? - help, Shift-Dir - straight line, f/p - Natasha
Aim: Natasha (severely wounded, ally target)
You freeze Natasha.
Natasha is almost dead.
The foxfire hits the crimson imp.
The crimson imp completely resists.
The foxfire hits the crimson imp.
The crimson imp completely resists.
Natasha howls an incantation.
Natasha glows brightly for a moment.
Natasha casts a spell at you. The magic dart hits you!
You die...

.$ .. .# #.# .... ..
#..#. .# .#.... ###.#
#
.......).###...##.##
#.........h@§.......#
........##5.....##...
.#.......†...[..#
.......####.....#
#........#.##.##
.......#....#.#
##.#...#...#.#
##..#.....#.....
...#.#..##.#.##


You could see Natasha and a crimson imp (summoned).

Vanquished Creatures
  Natasha (D:2)
  An adder (D:2)
  A dart slug (D:1)
  A ball python (D:1)
  An endoplasm (D:2)
  3 goblins
  A hobgoblin (D:1)
  4 quokkas
  3 bats
  4 frilled lizards
  A kobold (D:1)
  4 rats
25 creatures vanquished.

Vanquished Creatures (others)
  53 foxfires
53 creatures vanquished.

Grand Total: 78 creatures vanquished

Notes
Turn   | Place    | Note
-------+----------+-------------------------------------------
     0 | D:1      | hawla the Deep Elf Fire Elementalist began the quest for
                  | the Orb.
     0 | D:1      | Reached XP level 1. HP: 10/10 MP: 6/6
    59 | D:1      | Found a faded altar of an unknown god.
    67 | D:1      | Got Plato's Papyrus of the Chill
   445 | D:1      | Reached XP level 2. HP: 15/15 MP: 6/8
   637 | D:1      | Reached skill level 4 in Fire Magic
   754 | D:1      | Learned a level 2 spell: Scorch
   970 | D:2      | Noticed Natasha
   971 | D:2      | Killed Natasha
   972 | D:2      | Reached XP level 3. HP: 19/19 MP: 1/10
   981 | D:2      | Learned a level 1 spell: Freeze
  1061 | D:2      | Identified the +1 robe "Viviuqar" {rPois}
  1148 | D:2      | Noticed Natasha
  1159 | D:2      | Killed from afar by Natasha

Illustrated notes

Levels and vault maps discovered:
D:1:      dpeg_arrival_signposts, layout_loops_ring,
          shapermc_ecumenical_altar_rom_forum
D:2:      layout_rooms, uniq_natasha, uniq_robin

Skill      XL: |  1  2 |
---------------+-------+-----
Fire Magic     | 4 |  4.5
Dodging        | |  2.5
Stealth        | |  2.7
Spellcasting   | |  3.6
Conjurations   | |  1.7

Action                   || total
-------------------------++-------
Melee: Unarmed           ||     4
 Cast: Foxfire           ||    30
       Scorch            ||     5
       Freeze            ||     6
Armor: Robe              ||     4
Dodge: Dodged            ||     6
